 Dungeon Crawl Stone Soup version 0.28.0-45-g0d030f2227 (webtiles) character file.

Game seed: 14928486361775858135

96 DoubleLucky the Conjurer (level 4, 0/34 HPs)
             Began as a Draconian Conjurer on Apr 10, 2022.
             Killed by nerve-wracking pain
             ... invoked by Grinder
              (14 damage)
             ... on level 3 of the Dungeon.
             The game lasted 00:06:49 (3086 turns).

DoubleLucky the Conjurer (Draconian Conjurer)       Turns: 3086, Time: 00:06:49

Health: 0/34       AC:  6    Str: 10    XL:     4   Next: 41%
Magic:  1/9        EV: 12    Int: 20    God:
Gold:   55         SH:  0    Dex:  9    Spells: 6/9 levels left

rFire   . . .      SeeInvis .   c - +1 short sword (speed)
rCold   . . .      Faith    .   (no shield)
rNeg    . . .      Spirit   .   (armour unavailable)
rPois   .          Reflect  .   (helmet restricted)
rElec   .          Harm     .   (no cloak)
rCorr   .          Rampage  .   (no gloves)
Will    .....                   g - +0 pair of boots
Stlth   ++........              (no amulet)
HPRegen 0.11/turn               (no ring)
MPRegen 0.11/turn               (no ring)

@: no status effects
A: AC +5, unfitting armour, cold-blooded
a: no special abilities


You were on level 3 of the Dungeon.
You visited 1 branch of the dungeon, and saw 3 of its levels.

You collected 97 gold pieces.
You spent 42 gold pieces at shops.

Inventory:

Hand Weapons
 a - a +0 dagger
 c - a +1 short sword of speed (weapon)
Armour
 g - a +0 pair of boots (worn)
Scrolls
 d - a scroll of amnesia {unknown}
 e - 2 scrolls of identify {unknown}
 h - a scroll of fear {unknown}
 i - a scroll of immolation {unknown}
Potions
 b - a potion of might {unknown}
 f - 3 potions of curing


   Skills:
 + Level 0.4 Fighting
 - Level 1.7 Dodging
 - Level 1.7 Stealth
 + Level 3.3 Spellcasting
 - Level 5.0 Conjurations


You had 6 spell levels left.
You knew the following spells:

 Your Spells              Type           Power      Damage    Failure   Level
a - Magic Dart            Conj           92%        1d7       1%          1
b - Searing Ray           Conj           46%        2d6       2%          2

Your spell library contained the following spells:

 Spells                   Type           Power      Damage    Failure   Level
 Sandblast                Erth           6%         2d5       14%         1
 Summon Small Mammal      Summ           12%        N/A       14%         1
 Dazzling Flash           Conj/Hex       26%        N/A       14%         3
 Stone Arrow              Conj/Erth      26%        3d8       14%         3
 Passwall                 Tmut/Erth      2%         N/A       21%         2
 Call Canine Familiar     Summ           3%         N/A       38%         3
 Summon Guardian Golem    Hex/Summ       3%         N/A       38%         3
 Fulminant Prism          Conj/Hex       6%         3d7       43%         4
 Iskenderun's Mystic Bla  Conj/Tloc      13%        2d5       43%         4


Dungeon Overview and Level Annotations

Branches:
Dungeon (3/15)

Altars:
Makhleb
Okawaru
Ru

Shops:
D:2 !

Annotations:
D:3 Grinder


Innate Abilities, Weirdness & Mutations

Your plain brown scales are hard. (AC +5)
You cannot fit into any form of body armour.
You are cold-blooded and may be slowed by cold attacks.


Message History

Confirm with . or Enter, or press ? or * to list all spells.
Aiming: Searing Ray (safe; 2% risk of failure)
Press: ? - help, Shift-Dir - straight line, f/p - Grinder
Aim: Grinder (lightly wounded, 75% to hit)
The searing ray misses Grinder. (Press . to maintain the ray.) Grinder blinks!
The searing ray hits Grinder!
Grinder is moderately wounded.
Grinder barely misses you.
The searing ray hits Grinder.
Grinder is heavily wounded.
Grinder hits you.
You writhe in agony.
You hit Grinder.
Grinder is severely wounded.
Grinder says, "There's only one good use for a tongue: cutting it out."
Grinder hits you but does no damage.
You hit Grinder.
Grinder is severely wounded.
Grinder hits you but does no damage.
You hit Grinder.
You tail-slap Grinder, but do no damage.
Grinder is severely wounded.
You closely miss Grinder.
Grinder is severely wounded.
Grinder hits you.
You writhe in agony.
You hit Grinder but do no damage.
Your tail-slap misses Grinder.
Grinder is severely wounded.
Grinder closely misses you.
You hit Grinder but do no damage.
Grinder is severely wounded.
You closely miss Grinder.
Grinder is severely wounded.
Grinder gestures at you. Pain shoots through your body!
You closely miss Grinder.
Grinder is severely wounded.
Grinder gestures at you. Pain shoots through your body!
You die...

######### #.5......
#@# #.# ### #.#
#.#######.#
#........)#
#.....#.........#
#.....#.........#.#
#.....#.#...###.#.#
#.....#.#.#.# #.#.#


You could see Grinder.

Vanquished Creatures
  Terence (D:3)
  An adder (D:2)
  A worm (D:3)
  4 ball pythons
  6 endoplasms
  4 giant cockroaches
  7 goblins
  2 hobgoblins
  5 jackals
  5 kobolds
  3 quokkas (D:2)
  6 bats
  A frilled lizard (D:1)
  5 rats
51 creatures vanquished.

Notes
Turn   | Place    | Note
-------+----------+-------------------------------------------
     0 | D:1      | DoubleLucky the Draconian Conjurer began the quest for the
                  | Orb.
     0 | D:1      | Reached XP level 1. HP: 14/14 MP: 3/3
   215 | D:1      | Reached XP level 2. HP: 20/20 MP: 3/5
   644 | D:1      | Learned a level 2 spell: Searing Ray
  1078 | D:1      | Reached XP level 3. HP: 26/26 MP: 5/7
  1245 | D:2      | Found Ihalyibb's Distillery.
  1249 | D:2      | Bought a potion of curing for 42 gold pieces
  1326 | D:2      | Found a faded altar of an unknown god.
  1682 | D:2      | Found an iron altar of Okawaru.
  2176 | D:3      | Found a burning altar of Makhleb.
  2389 | D:3      | Noticed Terence
  2396 | D:3      | Killed Terence
  2397 | D:3      | Reached XP level 4. HP: 31/33 MP: 2/8
  2563 | D:3      | Reached skill level 5 in Conjurations
  2588 | D:3      | Found a sacrificial altar of Ru.
  3065 | D:3      | Noticed Grinder
  3066 | D:3      | Paralysed by Grinder for 6 turns
  3086 | D:3      | Killed from afar by Grinder

Illustrated notes

Levels and vault maps discovered:
D:1:      dpeg_arrival_simpleton_b, layout_loops_ring, nrook_loot_triangle
D:2:      layout_loops_ring, serial_glass, glass_columns_c, glass_columns_b,
          minmay_strange_pillars, minmay_strange_pillars, feat_on_display,
          basic_altar, serial_shops, nicolae_shop_hallway_stairs,
          ebering_ecumenical_altar_mist, minmay_box_of_dots
D:3:      layout_basic, nicolae_ru_great_annihilating_truth,
          mainiacjoe_overflow_six_doors_small, uniq_terence, uniq_grinder

Skill      XL: |  1  2  3  4 |
---------------+-------------+-----
Spellcasting   | 3 |  3.3
Conjurations   | 5 |  5.0
Fighting       | |  0.4
Dodging        | |  1.7
Stealth        | |  1.7

Action                   |  1- 3 |  4- 6 || total
-------------------------+-------+-------++-------
Melee: Dagger            |     5 |       ||     5
       Tailslap          |     5 |     1 ||     6
       Short sword       |    35 |    13 ||    48
 Cast: Magic Dart        |    62 |    23 ||    85
       Searing Ray       |     2 |     2 ||     4
Armor: Skin              |    11 |     3 ||    14
Dodge: Dodged            |    20 |     6 ||    26
